 Dungeon Crawl Stone Soup version 0.26.1-11-gd32895ea62 (webtiles) character file.

Game seed: 14202665461214154646

207 Zeld the Twirler (level 5, -1/51 HPs)
             Began as an Octopode Gladiator on May 19, 2021.
             Succumbed to a kobold's poison
             ... in a sewer.
             The game lasted 00:04:50 (3242 turns).

Zeld the Twirler (Octopode Gladiator)               Turns: 3242, Time: 00:04:50

Health: -1/51      AC: 22    Str: 13    XL:     5   Next: 85%
Magic:  5/5        EV:  2    Int: 11    God:
Gold:   130        SH:  0    Dex: 14    Spells: 4/4 levels left

rFire    . . .     SeeInvis .   a - +0 quarterstaff
rCold    . . .     Faith    .   (shield currently unavailable)
rNeg     + + +     Spirit   .   (helmet currently unavailable)
rPois    +         Reflect  .   (no amulet)
rElec    .         Harm     .   (no ring)
rCorr    .         Rampage  .   (no ring)
Will     .....     NoTele   +   (no ring)
Stlth    +.........             (no ring)
HPRegen  0.17/turn              (no ring)
MPRegen  0.09/turn              (no ring)
                                (no ring)
                                (no ring)

@: lethally poisoned (-1 -> -27), tree-form
A: almost no armour, stealthy swim, (amphibious), 8 rings, (constrict 8)
a: no special abilities


You were in a sewer.
You were a tree.
You visited 1 branch of the dungeon, and saw 4 of its levels.
You also visited: Sewer.

You collected 130 gold pieces.

Inventory:

Hand Weapons
 a - a +0 quarterstaff (weapon)
Missiles
 c - 3 throwing nets (quivered)
Armour
 b - a +0 hat (melded)
Jewellery
 p - a +6 ring of strength
 q - a +6 ring of strength
Scrolls
 d - 3 scrolls of identify {unknown}
 f - 2 scrolls of magic mapping {unknown}
 h - a scroll of amnesia {unknown}
 i - a scroll of noise {unknown}
 j - 2 scrolls of blinking {unknown}
 k - a scroll of fog {unknown}
 l - a scroll of fear {unknown}
 m - a scroll of random uselessness {unknown}
 n - a scroll of enchant armour {unknown}
 o - a scroll of enchant weapon {unknown}
Potions
 e - 3 potions of lignification
 g - a potion of magic {unknown}
 r - a potion of curing {unknown}


   Skills:
 - Level 2.0 Fighting
 * Level 4.9 Staves
 * Level 4.3 Throwing
 - Level 3.0 Dodging


You had 4 spell levels left.
You didn't know any spells.
Your spell library was empty.

Dungeon Overview and Level Annotations

Branches:
Dungeon (4/15)              Sewer (1/1)
 Temple: D:4-7

Altars:
Dithmenos

Annotations:
D:3 2 transporters, Zeld's ghost, amateur OpFi


Innate Abilities, Weirdness & Mutations

You cannot wear most types of armour.
You are very stealthy in the water. (Stealth+)
((You are amphibious.))
You can wear up to eight rings at the same time.
((You can use your tentacles to constrict eight enemies at once.))
((Your skin changes colour to match your surroundings (Stealth+).))
((Your rubbery body absorbs attacks. (AC +1, EV +1)))


Message History

You constrict the kobold, but do no damage.
You feel sick.
The kobold hits you with a +2 short sword of venom.
* * * LOW HITPOINT WARNING * * *
You are more poisoned.
The kobold hits you with a +2 short sword of venom.
* * * LOW HITPOINT WARNING * * *
You are more poisoned.
You sock the kobold!
You kill the kobold!
* * * LOW HITPOINT WARNING * * *
You feel very sick.
Unknown command.
It was a potion of lignification.
You turn into a tree.
Your +0 hat melds into your body.
Your roots penetrate the ground.
* * * LOW HITPOINT WARNING * * *
You feel sick.
* * * LOW HITPOINT WARNING * * *
You feel very sick.
You die...

## ≈# #####
≈# #...##≈##
#.∩.#.≈.#
#.∩...≈.#
#.....≈≈###.≈
#####.≈......
#..)♣.≈.###.≈
#..†).≈.#
#...#.≈.#
#...##≈##
##.# ≈# #. ≈#
#. ≈# #?


There were no monsters in sight!

Vanquished Creatures
  6 gnolls
  A river rat (D:4)
  6 adders
  3 worms
  3 leopard geckos
  4 orcs (D:3)
  2 ball pythons
  4 giant cockroaches
  9 hobgoblins
  8 jackals
  A quokka (D:3)
  3 bats
  A frilled lizard (D:1)
  6 goblins
  6 kobolds
  6 rats
69 creatures vanquished.

Notes
Turn   | Place    | Note
-------+----------+-------------------------------------------
     0 | D:1      | Zeld the Octopode Gladiator began the quest for the Orb.
     0 | D:1      | Reached XP level 1. HP: 14/14 MP: 1/1
    68 | D:1      | Reached XP level 2. HP: 19/19 MP: 2/2
   381 | D:1      | Reached XP level 3. HP: 22/24 MP: 3/3
  1302 | D:2      | Reached XP level 4. HP: 18/29 MP: 4/4
  1497 | D:2      | Found a shadowy altar of Dithmenos.
  2346 | D:3      | Reached XP level 5. HP: 34/34 MP: 5/5
  2591 | D:3      | Found a transporter.
  2596 | D:3      | Found a transporter.
  2596 | D:3      | Noticed Zeld's ghost (amateur OpFi)
  3115 | D:4      | Found a glowing drain.
  3132 | Sewer    | Entered a sewer
  3241 | Sewer    | HP: 1/51 [poisoned by a kobold]
  3242 | Sewer    | Succumbed to a kobold's poison

Illustrated notes

Levels and vault maps discovered:
D:1:      roderic_crop_circles_arrival_small, layout_basic, st_stairs_14,
          hangedman_decor_growths
D:2:      layout_rooms, grunt_dithmenos_smoke, serial_bayou_lagoon_a
D:3:      layout_basic, gammafunk_ghost_mausoleum, grunt_ministairs_10,
          ebering_dispersal_statue_hall, minmay_misc_feat_encased
D:4:      layout_cave_pools, minmay_temple_entry_antechambers,
          cheibrodos_sewer_entry_sluice, minmay_manual_mares
Sewer:    sewer_the_moccasin

Skill      XL: |  1  2  3  4  5 |
---------------+----------------+-----
Throwing       | 3 4 |  4.3
Staves         | 4 |  4.9
Fighting       | |  2.0
Dodging        | |  3.0

Action                   |  1- 3 |  4- 6 || total
-------------------------+-------+-------++-------
Melee: Quarterstaff      |    47 |    90 ||   137
       Constrict         |    15 |    23 ||    38
       Tentacles         |     5 |    14 ||    19
  Use: Potion            |       |     1 ||     1
 Stab: Sleeping          |     6 |     5 ||    11
Armor: Skin              |     5 |     5 ||    10
Dodge: Dodged            |    32 |    81 ||   113
